 Dungeon Crawl Stone Soup version 0.27-a0-1136-g0b992a5a9d (console) character file.

Game seed: 15365209559422857512

4655 nht the Slicer (level 10, -9/65 HPs)
             Began as a Vampire Enchanter on May 4, 2021.
             Was an Initiate of Gozag.
             Mangled by an orc warrior
             ... wielding a +0 war axe
              (31 damage)
             ... in a bailey.
             The game lasted 00:22:48 (8546 turns).

nht the Slicer (Vampire Enchanter)                  Turns: 8546, Time: 00:22:49

Health: -9/65      AC:  5    Str:  4 (7)  XL:     10   Next: 20%
Magic:  8/13       EV: 27    Int: 20 (21) God:    Gozag
Gold:   259        SH:  0    Dex: 12 (15) Spells: 4/13 levels left

rFire    . . .     SeeInvis +   a - +1 dagger
rCold    . . .     Faith    .   (no shield)
rNeg     . . .     Spirit   .   b - +0 robe
rPois    .         Reflect  .   (no helmet)
rElec    .         Harm     .   l - +0 cloak
rCorr    +         Rampage  .   q - +1 pair of gloves
Will     +....                  (no boots)
Stlth    +++++.....             p - amulet of the acrobat
HPRegen  0.40/turn              u - ring of resist corrosion
MPRegen  0.13/turn              (no ring)

@: brilliant, confusing by touch, gold aura, acrobatic, healing quickly
A: alive, fangs 3, see invisible, unbreathing 1, vampiric 2
a: Exsanguinate, Renounce Religion, Potion Petition, Call Merchant, Bribe Branch


You were in a bailey.
You worshipped Gozag.
Gozag was aware of your devotion.
You visited 2 branches of the dungeon, and saw 9 of its levels.
You also visited: Bailey.

You collected 987 gold pieces.
You paid 728 gold pieces to Gozag.

Inventory:

Hand Weapons
 a - a +1 dagger (weapon)
Missiles
 c - 3 throwing nets
 h - 22 boomerangs
Armour
 b - a +0 robe (worn)
 l - a +0 cloak (worn)
 q - a +1 pair of gloves (worn)
Jewellery
 p - an amulet of the acrobat (around neck)
 u - a ring of resist corrosion (left hand)
Wands
 f - a wand of digging (6)
 m - a wand of polymorph (3)
 w - a wand of flame (24)
Scrolls
 d - 3 scrolls of brand weapon
 g - a scroll of immolation
 i - a scroll of identify
 k - 4 scrolls of torment
 o - 3 scrolls of teleportation
Potions
 e - 5 potions of curing
 j - 2 potions of brilliance
 r - a potion of mutation
 s - 3 potions of heal wounds
 t - 2 potions of haste


   Skills:
 + Level 1.0 Fighting
 - Level 12.5 Short Blades
 - Level 2.1 Dodging
 - Level 11.0 Stealth
 - Level 2.0 Spellcasting
 - Level 10.0 Hexes


You had 4 spell levels left.
You knew the following spells:

 Your Spells              Type           Power      Damage    Failure   Level
a - Corona                Hex            65%        N/A       1%          1
b - Ensorcelled Hibernat  Hex/Ice        66%        N/A       3%          2
c - Confusing Touch       Hex            59%        N/A       1%          3
d - Tukima's Dance        Hex            59%        N/A       1%          3

Your spell library contained the following spells:

 Spells                   Type           Power      Damage    Failure   Level
 Dazzling Flash           Conj/Hex       66%        N/A       6%          3
 Inner Flame              Hex/Fire       33%        N/A       6%          3
 Portal Projectile        Hex/Tloc       66%        N/A       6%          3
 Animate Skeleton         Necr           6%         N/A       16%         1
 Apportation              Tloc           6%         N/A       16%         1
 Beastly Appendage        Tmut           6%         N/A       16%         1
 Freeze                   Ice            12%        1d4       16%         1
 Magic Dart               Conj           12%        1d3       16%         1
 Fulminant Prism          Conj/Hex       16%        3d11      21%         4
 Leda's Liquefaction      Hex/Erth       16%        N/A       21%         4
 Blink                    Tloc           N/A        N/A       24%         2
 Passwall                 Tmut/Erth      2%         N/A       24%         2
 Searing Ray              Conj           6%         3d3       24%         2
 Wereblood                Tmut           3%         N/A       24%         2
 Frozen Ramparts          Ice            6%         1d2       43%         3
 Gell's Gravitas          Tloc           1%         N/A       43%         3
 Lesser Beckoning         Tloc           1%         N/A       43%         3
 Ozocubu's Armour         Ice            3%         N/A       43%         3
 Spider Form              Tmut/Pois      1%         N/A       43%         3
 Teleport Other           Tloc           3%         N/A       43%         3
 Animate Armour           Summ/Erth      6%         N/A       83%         4
 Hailstorm                Conj/Ice       3%         3d3       83%         4
 Ice Form                 Ice/Tmut       3%         N/A       83%         4
 Iskenderun's Mystic Bla  Conj/Tloc      3%         2d3       83%         4
 Petrify                  Tmut/Erth      3%         N/A       83%         4
 Metabolic Englaciation   Hex/Ice        16%        N/A       50%         5
 Yara's Violent Unravell  Hex/Tmut       16%        3d8       50%         5
 Hydra Form               Tmut           1%         N/A       99%         5
 Manifold Assault         Tloc           3%         N/A       99%         5
 Iron Shot                Conj/Erth      1%         9d1       100%        6


Dungeon Overview and Level Annotations

Branches:
Dungeon (8/15)             Temple (1/1) D:7            Lair (0/6) D:8
 Bailey (1/1)

Altars:
Ashenzari
Dithmenos
Elyvilon
Fedhas
Gozag
Hepliaklqana
Makhleb
Nemelex Xobeh
Okawaru
Qazlal
Sif Muna
Uskayaw
Vehumet
Wu Jian
Xom
Yredelemnul
Zin
The Shining One

Annotations:
D:5 Prince Ribbit


Innate Abilities, Weirdness & Mutations

Your natural rate of healing is accelerated.
You have razor-sharp teeth.
You have supernaturally acute eyesight. (SInv)
You can survive without breathing.
You are afflicted with vampirism and can become a bat while bloodless.


Message History

Confirm with . or Enter, or press ? or * to list all spells.
Aiming: Tukima's Dance (safe; 1% risk of failure)
Press: ? - help, Shift-Dir - straight line, f - orc knight, p - orc warrior
Aim: an orc knight, wielding a +0 war axe and wearing a +0 chain mail (strong, chance to confuse on hit: 60%, chance to affect: 71%)
You feel a surge of power!
The +0 war axe dances into the air!
The orc knight no longer looks unusually strong.
The orc warlord no longer looks unusually strong.
The gnoll hits you with a +0 hand axe!
The orc warlord roars a battlecry!
The orc knight goes into a battle-frenzy!
The orc knight roars a battlecry!
The orc warlord goes into a battle-frenzy!
You hear a shout!
The orc knight no longer looks unusually strong.
The orc warlord roars a battlecry!
The orc knight goes into a battle-frenzy!
Your +0 war axe hits the orc knight!!
Your +0 war axe barely misses the gnoll.
Your +0 war axe hits the orc warrior.
The orc knight misses your +0 war axe.
Your +0 war axe hits the orc knight!
Your +0 war axe hits the gnoll.
Your +0 war axe hits the orc warrior.
The orc warrior misses you. The gnoll closely misses you.
The gnoll closely misses your +0 war axe.
There is a gate leading back out of this place here.
The orc knight hits your +0 war axe.
An orc comes into view. It is wielding a +0 hand axe.
The orc warrior closely misses you.
An orc comes into view. It is wielding a +0 hand axe.
Your +0 war axe hits the orc knight!
Your +0 war axe hits the gnoll!
The gnoll dies!
Your +0 war axe closely misses the orc warrior.
The orc knight hits your +0 morningstar of protection!
Your +0 morningstar of protection hits the orc warrior!
The orc warlord roars a battlecry!
The orcs go into a battle-frenzy!
The orc warrior hits your +0 morningstar of protection with a +0 war axe!
Your +0 war axe hits the orc knight.
The orc warrior hits you with a +0 war axe!!
You die...
Your body crumbles into a pile of gold. ███████

██..∩..██ █....(..█
██..o(o..██
█.@o.oog..█
██.......o.██
█..o..⌠.o...███████
██.........██.....██
'...o..$..'.go....█
.██......)██$....o.█
..
█.......█.oo...... .
██88.88██.........
███'███.....)....


You could see an orc warlord (strong), 2 orc knights, 4 orc warriors, 2 orcs, a
hobgoblin and 2 friendly dancing weapons.

Vanquished Creatures
  Pikel (D:5)
  An orc knight (Bailey)
  A cyclops (D:8)
  8 orc warriors
  Sigmund (D:5)
  5 yaks (D:7)
  A wyvern (D:7)
  2 water moccasins (D:5)
  A necrophage (D:5)
  A centaur (D:7)
  An ogre (D:6)
  A phantom (D:7)
  4 lemures (D:5)
  A bullfrog (D:7)
  A water moccasin zombie (D:6)
  2 scorpions
  2 bullfrog zombies
  2 centaur zombies
  2 hounds
  4 orc priests
  Crazy Yiuf (D:2)
  Ijyb (D:3)
  2 iguanas (D:5)
  3 orc wizards
  2 killer bee zombies
  11 gnolls
  7 adders
  A shadow imp (D:7)
  6 worms
  A dart slug (D:4)
  29 orcs
  2 bats
  6 endoplasms
  3 giant cockroaches (D:2)
  20 goblins
  7 hobgoblins
  7 jackals
  7 kobolds
  6 quokkas
  6 ball pythons
  4 frilled lizards
  6 rats
180 creatures vanquished.

Vanquished Creatures (collateral kills)
  A rust devil (D:6)
  3 gnolls (Bailey)
  6 orcs
  8 goblins (Bailey)
  A hobgoblin (Bailey)
19 creatures vanquished.

Vanquished Creatures (others)
  2 dancing weapons (Bailey)
  4 orcs
  5 toadstools (D:7)
11 creatures vanquished.

Grand Total: 210 creatures vanquished

Notes
Turn   | Place    | Note
-------+----------+-------------------------------------------
     0 | D:1      | nht the Vampire Enchanter began the quest for the Orb.
     0 | D:1      | Reached XP level 1. HP: 13/13 MP: 3/3
   183 | D:1      | Reached skill level 2 in Short Blades
   212 | D:1      | Reached XP level 2. HP: 19/19 MP: 3/5
   276 | D:1      | Learned a level 2 spell: Ensorcelled Hibernation
   609 | D:1      | Reached skill level 5 in Hexes
   914 | D:2      | Gained mutation: You are afflicted with vampirism and can
                  | become a bat while bloodless. [Vampire growth]
   914 | D:2      | Reached XP level 3. HP: 24/24 MP: 6/6
   992 | D:2      | Reached skill level 3 in Short Blades
  1395 | D:2      | Reached XP level 4. HP: 10/30 MP: 7/7
  1621 | D:2      | Found a runed translucent door.
  1622 | D:2      | Noticed Crazy Yiuf
  1796 | D:2      | Identified the Grimoire of Unstable Earth
  1891 | D:2      | Killed Crazy Yiuf
  1892 | D:2      | Reached skill level 4 in Short Blades
  2170 | D:3      | Reached XP level 5. HP: 28/35 MP: 8/8
  2277 | D:3      | Found a faded altar of an unknown god.
  2732 | D:3      | Noticed Ijyb
  2746 | D:3      | Killed Ijyb
  2747 | D:3      | Reached skill level 5 in Short Blades
  2917 | D:4      | Found a hazy altar of Hepliaklqana.
  3204 | D:4      | Gained mutation: You are frail. (-10% HP) [potion of
                  | mutation]
  3204 | D:4      | Lost mutation: You are frail. (-10% HP) [potion of
                  | mutation]
  3239 | D:4      | Reached XP level 6. HP: 12/41 MP: 4/9
  3924 | D:5      | Entered Level 5 of the Dungeon
  4001 | D:5      | Noticed Sigmund
  4007 | D:5      | Killed Sigmund
  4008 | D:5      | Reached skill level 6 in Short Blades
  4193 | D:5      | Reached XP level 7. HP: 13/46 MP: 5/10
  4396 | D:5      | Reached skill level 7 in Short Blades
  4396 | D:5      | Reached skill level 5 in Stealth
  4493 | D:5      | Noticed Pikel
  4499 | D:5      | Killed Pikel
  4500 | D:5      | Reached skill level 8 in Short Blades
  4500 | D:5      | Reached XP level 8. HP: 52/52 MP: 11/11
  4862 | D:5      | Found a broken altar of Ashenzari.
  5193 | D:6      | Reached skill level 9 in Short Blades
  5197 | D:6      | Learned a level 3 spell: Confusing Touch
  5201 | D:6      | Learned a level 3 spell: Tukima's Dance
  5296 | D:6      | Found a hide-covered altar of Uskayaw.
  5308 | D:5      | Noticed a rust devil
  5308 | D:5      | Noticed a rust devil
  5308 | D:5      | Noticed Prince Ribbit
  5333 | D:6      | Killed a rust devil
  5374 | D:6      | Killed an orc warrior
  5502 | D:6      | Found a stormy altar of Qazlal.
  5620 | D:6      | Found an iron altar of Okawaru.
  5631 | D:6      | Reached XP level 9. HP: 54/57 MP: 9/12
  5802 | D:6      | Found a shimmering altar of Xom.
  5805 | D:6      | Found a radiant altar of Vehumet.
  5972 | D:7      | Reached skill level 10 in Short Blades
  5972 | D:7      | Reached skill level 10 in Hexes
  6000 | D:7      | Found a staircase to the Ecumenical Temple.
  6016 | Temple   | Entered the Ecumenical Temple
  6021 | Temple   | Became a worshipper of Gozag Ym Sagoz the Greedy
  6463 | D:7      | Reached skill level 10 in Stealth
  6465 | D:7      | Reached skill level 11 in Short Blades
  7446 | D:8      | Noticed a cyclops
  7450 | D:8      | Noticed a cyclops
  7450 | D:8      | Noticed a cyclops
  7453 | D:8      | Killed a cyclops
  7498 | D:8      | Found a staircase to the Lair.
  7545 | D:8      | Identified the Collected Works on Enchanting Stolen Souls
  7615 | D:8      | Found a flagged portal.
  7656 | Bailey   | Entered a bailey
  8076 | Bailey   | Reached XP level 10. HP: 29/63 MP: 1/13
  8219 | Bailey   | Noticed an orc knight
  8237 | Bailey   | Reached skill level 12 in Short Blades
  8345 | Bailey   | Killed an orc knight
  8434 | Bailey   | Noticed an orc knight
  8436 | Bailey   | Noticed an orc warlord
  8438 | Bailey   | Noticed an orc knight
  8473 | Bailey   | Reached skill level 1 in Fighting
  8546 | Bailey   | Mangled by an orc warrior

Illustrated notes

Levels and vault maps discovered:
D:1:      lemuel_arrival_broad_hall, layout_basic
D:2:      minmay_wonky_spiral, layout_loops_ring, uniq_crazy_yiuf_cottage
D:3:      layout_rooms, shapermc_ecumenical_altar_totnotflames, uniq_ijyb
D:4:      layout_gridville, lemuel_crystal_altar, minmay_vboxes
D:5:      cheibrodos_iron_armory, layout_loops_ring, nicolae_ashenzari_skybound,
          uniq_pikel, uniq_sigmund, uniq_prince_ribbit1
D:6:      layout_rooms, grunt_temple_overflow_open, marbit_many_paths
D:7:      layout_basic, minmay_temple_entry_sparse_star,
          chequers_serial_rivers_micro_c, chequers_serial_rivers_micro_d,
          minmay_gold_behind_fungi, minmay_statues_item, chequers_jeans
D:8:      layout_basic, gammafunk_temple_overflow_forgotten, lair_entry_dummy,
          enter_bailey_4, fountainhead, minmay_misc_feat_secret_circle,
          kb_rosetta, uniq_harold
Temple:   minmay_freezing_vapour_temple
Bailey:   bailey_axe_minmay_hex_keep, bailey

Skill      XL: |  1  2  3  4  5  6  7  8  9 10 |
---------------+-------------------------------+-----
Short Blades   | 2 3 4 5 6 8 9 11 12 | 12.5
Hexes          | 5 6 7 8 9 10 | 10.0
Stealth        | 6 8 11 | 11.0
Fighting       | 1 |  1.0
Dodging        | |  2.1
Spellcasting   | |  2.0

Action                   |  1- 3 |  4- 6 |  7- 9 | 10-12 || total
-------------------------+-------+-------+-------+-------++-------
Melee: Dagger            |   153 |   204 |   385 |    37 ||   779
       Bite              |    13 |    16 |    34 |     3 ||    66
       Unarmed           |       |     7 |       |       ||     7
Throw: Throwing net      |       |       |     2 |       ||     2
 Cast: Corona            |    10 |       |       |       ||    10
       Ensorcelled Hiber |     3 |    29 |    59 |     7 ||    98
       Confusing Touch   |       |       |     5 |     4 ||     9
       Tukima's Dance    |       |       |       |     9 ||     9
Invok: Potion Petition   |       |       |       |     1 ||     1
Evoke: Wand              |       |     3 |    11 |     1 ||    15
  Use: Potion            |     1 |     6 |     2 |       ||     9
       Scroll            |       |     7 |     7 |     1 ||    15
 Stab: Sleeping          |    12 |    24 |    40 |     4 ||    80
       Distracted        |       |     1 |     1 |     1 ||     3
       Confused          |       |     1 |     2 |     4 ||     7
       Held in net/web   |       |       |     1 |       ||     1
Armor: Robe              |    31 |    30 |    42 |     4 ||   107
       Skin              |       |    24 |    30 |     1 ||    55
Dodge: Dodged            |    78 |    95 |   168 |    23 ||   364

Table legend: (Time is in decaauts)
 A = Elapsed time spent in this place.
 B = Non-inter-level travel time spent in this place.
 C = Inter-level travel time spent in this place.
 D = Time resting spent in this place.
 E = Time spent auto-exploring this place.
 F = Levels seen in this place.
 G = Mean time per level.
                   A        B        C        D        E       F      G
               +--------+--------+--------+--------+--------+-----+--------+
         Total |   8282 |   7909 |    373 |    431 |   5664 |  10 |  828.2 |
       Dungeon |   7453 |   7088 |    365 |    309 |   5350 |   8 |  931.6 |
        Temple |     10 |      2 |      8 |      0 |      0 |   1 |   10.0 |
        Bailey |    817 |    817 |      0 |    122 |    314 |   1 |  817.0 |
               +--------+--------+--------+--------+--------+-----+--------+

Top non-repeatable levels by time:
     D:7: 1285 daAuts
     D:4: 1218 daAuts
     D:2: 1102 daAuts
     D:5: 1087 daAuts
     D:6: 914 daAuts
     D:1: 837 daAuts
     D:3: 827 daAuts
  Bailey: 817 daAuts
     D:8: 180 daAuts
  Temple: 10 daAuts
